AoeStats
← hightower_208

Lombardia

508654364Analyzed
2v2 RM · 8d ago on Sep 23, 2026· 36m 20s· 4 players
Game mode
Random Map
Map size
Medium (4 player)
Population
200
Speed
Normal
Resources
Standard
Victory
Conquest
Starting age
Dark Age
Ending age
Imperial Age
RankedLock teamsTeams togetherTeam positionsShared explorationLock speedFull tech treeHidden civsTurbo modeCheats
Victory
Defeat
🇩🇪 Magyars · Germany
1684
+15
🇩🇪 Ethiopians · Germany
1655
+15
🇨🇿 Varangians · Czechia
1658
-15
🇨🇿 Danes · Czechia
1655
-15
xberny
6:31 Loom
9:28 Feudal Age
11:09 Double-Bit Axe
13:45 Wheelbarrow
15:11 Fletching
15:30 Horse Collar
16:48 Padded Archer Armor
23:31 Castle Age
24:33 Bodkin Arrow
24:01 Crossbowman
26:38 Bow Saw
29:41 Ballistics
31:06 Leather Archer Armor
31:12 Bloodlines
31:03 Husbandry
31:24 Thumb Ring
31:28 Heavy Plow
GoPlayTetris
6:17 Loom
8:49 Feudal Age
9:23 Double-Bit Axe
14:35 Bloodlines
14:22 Horse Collar
16:04 Wheelbarrow
17:00 Scale Barding Armor
17:53 Forging
21:21 Castle Age
22:10 Husbandry
22:23 Bow Saw
23:27 Chain Barding Armor
24:34 Heavy Plow
24:46 Gold Mining
28:17 Town Watch
29:58 Fletching
33:31 Hand Cart
hightower_208
6:07 Loom
6:26 Loom
8:57 Feudal Age
10:04 Double-Bit Axe
14:39 Wheelbarrow
20:39 Castle Age
19:16 Scale Barding Armor
19:37 Bloodlines
21:54 Hand Cart
21:50 Bow Saw
22:47 Chain Barding Armor
25:17 Gold Mining
25:25 Horse Collar
26:32 Husbandry
28:22 Town Watch
35:21 Imperial Age
35:35 Cavalier
36:51 Plate Barding Armor
Mjoelnir
5:21 Loom
8:48 Feudal Age
11:32 Fletching
13:55 Double-Bit Axe
20:30 Castle Age
18:50 Padded Archer Armor
20:33 Crossbowman
21:10 Bodkin Arrow
22:12 Leather Archer Armor
24:29 Ballistics
26:33 Wheelbarrow
30:10 Thumb Ring
36:06 Imperial Age
33:36 Gold Mining
34:28 Bow Saw
33:59 Horse Collar
35:14 Heavy Plow
35:50 Gold Shaft Mining
36:10 Arbalester
36:52 Bracer
Connection lost

Rejoining the realm…

Still unreachable

The connection could not be restored.

Session expired

The server has moved on; the page needs a fresh start.